 Dungeon Crawl Stone Soup version 0.28-a0-872-g80cf8599ee (webtiles) character file.

Game seed: 7422164433551980040

4 croobank the Skirmisher (level 1, -1/18 HPs)
             Began as a Human Cinder Acolyte on Nov 20, 2021.
             Was a High Priest of Ignis.
             Slain by a jackal (3 damage)
             ... on level 1 of the Dungeon.
             The game lasted 00:01:09 (150 turns).

croobank the Skirmisher (Human Cinder Acolyte)       Turns: 150, Time: 00:01:10

Health: -1/18      AC:  2    Str: 14    XL:     1   Next: 66%
Magic:  2/2        EV: 11    Int: 14    God:    Ignis [*****.]
Gold:   0          SH:  0    Dex:  8    Spells: 2/2 levels left

rFire   + . .      SeeInvis .   a - -1 hand axe (flame)
rCold   . . .      Faith    .   (no shield)
rNeg    . . .      Spirit   .   b - +0 robe
rPois   .          Reflect  .   (no helmet)
rElec   .          Harm     .   (no cloak)
rCorr   .          Rampage  .   (no gloves)
Will    .....                   (no boots)
Stlth   +.........              (no amulet)
HPRegen 0.06/turn               (no ring)
MPRegen 0.08/turn               (no ring)

@: no status effects
A: no striking features
a: Renounce Religion, Sea of Fire, Foxfire Swarm, Rising Flame


You were on level 1 of the Dungeon.
You worshipped Ignis.
Ignis was extremely pleased with you.
You visited 1 branch of the dungeon, and saw 1 of its levels.

Inventory:

Hand Weapons
 a - a -1 hand axe of flaming (weapon)
 d - a +0 short sword
Missiles
 c - 15 stones (quivered)
Armour
 b - a +0 robe (worn)


   Skills:
 + Level 3.2 Fighting
 + Level 3.1 Axes
 + Level 1.0 Spellcasting
 + Level 3.0 Fire Magic


You had 2 spell levels left.
You didn't know any spells.
Your spell library contained the following spells:

 Spells                   Type           Power      Damage    Failure   Level
 Scorch                   Fire           18%        2d5       12%         2


Dungeon Overview and Level Annotations

Branches:
Dungeon (1/15)

Altars:


Message History

d - a +0 short sword HP restored.
A ball python comes into view.
The ball python hisses angrily.
The ball python closely misses you. The ball python grabs you.
The ball python constricts you. The ball python closely misses you.
The ball python constricts you.
You hit the ball python. You burn the ball python.
You kill the ball python!
A jackal comes into view.
Found 3 gold pieces and a scroll labelled VUEG JEPNUEDGHOCABB.
The jackal barks!
A ball python comes into view.
A rat comes into view.
Found a scroll labelled POLUS VOFU GIP.
The rat moves out of view.
You hit the jackal but do no damage. The jackal bites you.
The jackal barely misses you.
You closely miss the jackal.
The jackal bites you but does no damage.
You closely miss the jackal. The jackal bites you. x2
You closely miss the jackal. The jackal bites you.
You miss the jackal. The jackal bites you. The jackal misses you.
You hit the jackal but do no damage. The jackal barely misses you.
The jackal bites you but does no damage.
You hit the jackal but do no damage. The jackal bites you.
* * * LOW HITPOINT WARNING * * *
You hit the jackal but do no damage. The jackal barely misses you.
The jackal bites you.
* * * LOW HITPOINT WARNING * * *
You closely miss the jackal.
A bat comes into view.
The jackal barely misses you.
You barely miss the jackal.
The jackal bites you but does no damage.
The jackal closely misses you.
You closely miss the jackal. You closely miss the bat.
The bat hits you but does no damage. The jackal bites you.
* * * LOW HITPOINT WARNING * * *
The jackal bites you.
You die...

.. ####### .. #.....# ..
# #.....# #.
.$#.#.....#############.
.................... ..
#.#.....###.#########.
##.@b...............
#h######.#.........
..r................#
#..#.######.########..
#+....#####.###### #.# .
.#............# #.. ?
?##.######.....# #.# .#
# #.....# #.#
#.....###.#


You could see a jackal, a bat and a rat.

Vanquished Creatures
  2 ball pythons (D:1)
  A kobold (D:1)
3 creatures vanquished.

Notes
Turn   | Place    | Note
-------+----------+-------------------------------------------
     0 | D:1      | croobank the Human Cinder Acolyte began the quest for the
                  | Orb.
     0 | D:1      | Reached XP level 1. HP: 18/18 MP: 2/2
   150 | D:1      | Slain by a jackal

Illustrated notes

Levels and vault maps discovered:
D:1:      dpeg_arrival_tiny_i, layout_basic, serial_shops, shop, minmay_tall_x

Action                   || total
-------------------------++-------
Melee: Hand axe          ||    19
Armor: Robe              ||     6
Dodge: Dodged            ||    11

Table legend: (Time is in decaauts)
 A = Elapsed time spent in this place.
 B = Non-inter-level travel time spent in this place.
 C = Inter-level travel time spent in this place.
 D = Time resting spent in this place.
 E = Time spent auto-exploring this place.
 F = Levels seen in this place.
 G = Mean time per level.
                   A        B        C        D        E       F      G
               +--------+--------+--------+--------+--------+-----+--------+
         Total |    152 |    152 |      0 |      0 |    103 |   1 |  152.0 |
       Dungeon |    152 |    152 |      0 |      0 |    103 |   1 |  152.0 |
               +--------+--------+--------+--------+--------+-----+--------+

Top non-repeatable levels by time:
     D:1: 152 daAuts
